AoeStats
← arthur810416

Arena

509306926Analyzed
4v4 RM · 7d ago on Sep 26, 2026· 44m 45s· 8 players
Game mode
Random Map
Map size
Large (8 player)
Population
200
Speed
Normal
Resources
Standard
Victory
Conquest
Starting age
Dark Age
Ending age
Imperial Age
RankedLock teamsTeams togetherTeam positionsShared explorationLock speedFull tech treeHidden civsTurbo modeCheats
Victory
Defeat
1191
+13
🇨🇳 Byzantines · China
1160
+14
1121
+15
🇨🇳 Danes · China
1056
+17
🇹🇼 Persians · Taiwan
1145
-16
🇹🇼 Teutons · Taiwan
1121
-15
🇯🇵 Turks · Japan
1109
-15
🇷🇺 Danes · Russia
1066
-13
OAO
11:35 Feudal Age
12:08 Loom
15:42 Castle Age
13:54 Double-Bit Axe
14:17 Horse Collar
15:14 Town Watch
16:35 Heavy Plow
19:19 Gambesons
24:09 Scale Mail Armor
25:45 Forging
28:10 Ironclad
29:09 Arson
30:02 Iron Casting
29:43 Chain Mail Armor
32:01 Imperial Age
29:35 Gold Mining
29:36 Stone Mining
30:55 Bow Saw
31:26 Wheelbarrow
30:55 Caravan
32:12 Stone Shaft Mining
32:47 Hand Cart
32:08 Capped Ram
33:28 Conscription
33:22 Elite Teutonic Knight
36:32 Plate Mail Armor
37:03 Blast Furnace
36:31 Fletching
36:54 Siege Engineers
37:01 Masonry
38:31 Chemistry
41:34 Ballistics
RomaSaga
5:40 Loom
12:10 Feudal Age
13:36 Double-Bit Axe
13:33 Horse Collar
16:42 Castle Age
17:50 Bow Saw
17:40 Heavy Plow
21:33 Town Watch
24:01 Gold Mining
29:52 Imperial Age
27:43 Scale Barding Armor
27:59 Bloodlines
28:05 Husbandry
28:19 Forging
29:02 Chain Barding Armor
29:19 Wheelbarrow
30:07 Iron Casting
30:21 Hand Cart
31:19 Gold Shaft Mining
30:34 Stone Mining
31:47 Two-Man Saw
31:48 Blast Furnace
31:58 Plate Barding Armor
31:21 Heavy Camel Rider
32:27 Padded Archer Armor
32:31 Town Patrol
32:22 Fletching
34:07 Fortified Wall
33:39 Treadmill Crane
39:17 Leather Archer Armor
arthur810416
9:00 Loom
10:59 Feudal Age
11:34 Double-Bit Axe
14:29 Castle Age
12:18 Horse Collar
17:43 Wheelbarrow
20:06 Loom
24:23 Scale Barding Armor
24:28 Forging
25:30 Bloodlines
26:28 Chain Barding Armor
26:43 Iron Casting
30:07 Imperial Age
27:25 Town Watch
27:50 Gold Mining
28:50 Hand Cart
29:09 Husbandry
29:44 Cavalier
30:54 Bow Saw
30:47 Heavy Plow
30:53 Stone Mining
32:06 Conscription
34:09 Chemistry
34:13 Light Cavalry
35:08 Savar
36:31 Hussar
37:20 Scale Mail Armor
38:21 Blast Furnace
36:55 Pikeman
Nwelt
9:24 Loom
12:09 Feudal Age
12:42 Double-Bit Axe
16:53 Castle Age
16:47 Scale Mail Armor
16:47 Horse Collar
17:08 Town Watch
19:09 Chain Mail Armor
35:17 Heavy Plow
36:19 Bow Saw
kiyohime
1:09 Loom
11:20 Feudal Age
12:47 Wheelbarrow
15:38 Castle Age
13:52 Double-Bit Axe
14:30 Horse Collar
17:41 Bow Saw
18:17 Heavy Plow
25:52 Hand Cart
27:15 Gold Mining
27:16 Stone Mining
27:13 Treadmill Crane
27:29 Murder Holes
27:48 Fortified Wall
30:42 Imperial Age
30:58 Stone Shaft Mining
30:58 Gold Shaft Mining
30:37 Forging
30:33 Scale Barding Armor
32:05 Crop Rotation
32:40 Two-Man Saw
32:39 Conscription
31:45 Heavy Camel Rider
32:26 Husbandry
33:20 Chain Barding Armor
33:35 Iron Casting
35:10 Chemistry
36:00 Hoardings
42:07 Padded Archer Armor
42:43 Plate Barding Armor
43:00 Elite Cataphract
43:52 Logistica
83716497273
10:20 Feudal Age
14:09 Castle Age
11:56 Double-Bit Axe
12:10 Horse Collar
15:05 Bow Saw
22:47 Heavy Plow
24:38 Wheelbarrow
23:57 Gold Mining
23:58 Stone Mining
25:35 Gold Shaft Mining
24:51 Stone Mining
25:13 Stone Mining
25:32 Loom
26:15 Hand Cart
29:26 Imperial Age
27:23 Scale Mail Armor
27:33 Forging
28:26 Chain Mail Armor
28:25 Masonry
29:34 Iron Casting
29:45 Stone Shaft Mining
29:13 Gambesons
29:28 Squires
29:13 Arson
30:46 Plate Mail Armor
29:41 Capped Ram
30:30 Siege Engineers
30:11 Elite Varangian Guard
30:23 Siege Ram
33:38 Blast Furnace
32:36 Northmen's Fury
33:39 Conscription
32:39 Hamask
坐边被爽哭天抹泪逃跑
8:36 Loom
11:34 Feudal Age
12:06 Double-Bit Axe
16:11 Castle Age
14:00 Horse Collar
20:46 Arson
35:11 Town Watch
36:07 Wheelbarrow
42:02 Imperial Age
唐尚书右丞王维
0:30 Loom
11:13 Feudal Age
16:20 Castle Age
14:34 Double-Bit Axe
15:29 Horse Collar
16:37 Bloodlines
17:45 Husbandry
29:46 Imperial Age
30:22 Fortified Wall
31:33 Chemistry
31:56 Conscription
32:26 Padded Archer Armor
36:02 Fortified Wall
38:06 Light Cavalry
41:45 Arquebus
43:24 Wheelbarrow
Connection lost

Rejoining the realm…

Still unreachable

The connection could not be restored.

Session expired

The server has moved on; the page needs a fresh start.